 Dungeon Crawl Stone Soup version 0.29.1-15-g9cfb28693d (webtiles) character file.

Game seed: 3105104869620033843

2386 Thatpatchoflichen the Trooper (level 9, 0/74 (80) HPs)
             Began as a Black Draconian Ice Elementalist on Mar 2, 2023.
             Was a Believer of Ru.
             Slain by an orc warrior
             ... wielding a +0 halberd
              (6 damage)
             ... on level 8 of the Dungeon.
             The game lasted 00:20:42 (9912 turns).

Thatpatchoflichen the Trooper (DrIE)                Turns: 9912, Time: 00:20:43

HP:   0/74 (80)     AC: 18    Str: 10    XL:     9   Next: 22%
MP:   13/15         EV: 14    Int: 25    God:    Ru [**....]
Gold: 468           SH:  0    Dex: 13    Spells: 9/16 levels left

rFire   . . .      SeeInvis .   F - +2 club (spect)
rCold   . . .      Faith    .   (shield unavailable)
rNeg    . . .      Spirit   .   (body armour unavailable)
rPois   .          Reflect  .   (helmet restricted)
rElec   +          Harm     .   H - +0 cloak
rCorr   .          Rampage  .   E - +0 pair of gloves
Will    .....                   L - +0 pair of boots
Stlth   ++........              x - amulet of the acrobat
HPRegen 0.22/turn               (ring unavailable)
MPRegen 0.14/turn               p - +6 ring of intelligence

@: ice-armoured, drained
A: breathe lightning, AC +7, unfitting armour, electricity resistance,
cold-blooded, missing a hand
a: Breathe Lightning, Renounce Religion


You were on level 8 of the Dungeon.
You worshipped Ru.
Ru was pleased with you.
You visited 2 branches of the dungeon, and saw 9 of its levels.

You collected 468 gold pieces.

Inventory:

Hand Weapons
 b - a +0 dagger of venom
 e - a +1 short sword of draining
 m - a +2 dagger of venom
 u - a +2 short sword of freezing
 F - a +2 spectral club (weapon)
Missiles
 g - 7 boomerangs
 h - 7 poisoned darts
Armour
 E - a +0 pair of gloves (worn)
 H - a +0 cloak (worn)
 L - a +0 pair of boots (worn)
Magical Staves
 y - a staff of fire
Jewellery
 d - a +6 ring of dexterity
 p - a +6 ring of intelligence (right hand)
 x - an amulet of the acrobat (around neck)
 I - an amulet of faith
Wands
 G - a wand of flame (7)
 J - a wand of light (12)
Scrolls
 c - 5 scrolls of identify {unknown}
 i - a scroll of amnesia {unknown}
 j - 2 scrolls of teleportation {unknown}
 l - 4 scrolls of enchant armour {unknown}
 o - 4 scrolls of blinking {unknown}
 q - 2 scrolls of enchant weapon {unknown}
 r - 2 scrolls of brand weapon {unknown}
 s - a scroll of magic mapping {unknown}
 w - 2 scrolls of fear {unknown}
 B - a scroll of vulnerability {unknown}
 D - a scroll of noise {unknown}
 N - a scroll of torment {unknown}
Potions
 a - 2 potions of magic
 f - a potion of resistance {unknown}
 k - 3 potions of degeneration {unknown}
 n - 2 potions of heal wounds {unknown}
 t - a potion of might {unknown}
 v - 2 potions of mutation {unknown}
 z - 5 potions of curing {unknown}
 A - a potion of cancellation {unknown}
 C - 3 potions of berserk rage {unknown}
 K - a potion of flight {unknown}
 M - a potion of attraction {unknown}


   Skills:
 + Level 7.7 Fighting
 + Level 6.8 Dodging
 - Level 1.7 Stealth
 - Level 4.0 Spellcasting
 + Level 7.2 Ice Magic


You had 9 spell levels left.
You knew the following spells:

 Your Spells              Type           Power      Damage    Failure   Level
a - Freeze                Ice            100%       1d11      1%          1
b - Frozen Ramparts       Ice            82%        1d13      1%          3
c - Ozocubu's Armour      Ice            41%        N/A       1%          3

Your spell library contained the following spells:

 Spells                   Type           Power      Damage    Failure   Level
 Sandblast                Erth           10%        2d5       9%          1
 Passwall                 Tmut/Erth      4%         N/A       14%         2
 Hailstorm                Conj/Ice       23%        3d7       21%         4
 Stone Arrow              Conj/Erth      10%        3d7       26%         3
 Borgnjor's Revivificati  Necr           2%         N/A       100%        8
 Necromutation            Tmut/Necr      2%         N/A       100%        8
 Death's Door             Necr           2%         N/A       100%        9


Dungeon Overview and Level Annotations

Branches:
Dungeon (8/15)             Temple (1/1) D:5
   Lair: D:8-11

Altars:
Ashenzari
Cheibriados
Dithmenos
Elyvilon
Fedhas
Gozag
Hepliaklqana
Kikubaaqudgha
Makhleb
Nemelex Xobeh
Okawaru
Qazlal
Ru
Sif Muna
Trog
Uskayaw
Vehumet
Wu Jian
Xom
Yredelemnul
Zin
The Shining One

Shops:
D:4 !

Annotations:
D:7 3 runed translucent doors, F1ng0rz's ghost, novice DjCj; billybob123456's ghost, novice MiMo; leafyfresh's ghost, novice OpDe


Innate Abilities, Weirdness & Mutations

You can breathe wild blasts of lightning.
Your glossy black scales are hard. (AC +7)
You cannot fit into any form of body armour.
You are resistant to electric shocks. (rElec)
You are cold-blooded and may be slowed by cold attacks.
You are missing a hand.


Message History

You hit the wight.
You tail-slap the wight, but do no damage.
The wight is severely damaged.
The wight is stunned by your conviction and fails to attack.
The orc warrior barely misses you.
You hit the wight but do no damage.
The wight is severely damaged.
The wight hits you but does no damage.
The orc warrior hits you from afar with a +0 halberd.
* * * LOW HITPOINT WARNING * * *
The orc warrior hits you but does no damage.
The wight misses you.
You hit the wight but do no damage.
You tail-slap the wight, but do no damage.
The wight is severely damaged.
The wight hits you but does no damage.
The orc warrior hits you from afar with a +0 halberd.
* * * LOW HITPOINT WARNING * * *
You hit the wight.
Your tail-slap misses the wight.
The wight is almost destroyed.
The wight hits you but does no damage.
The orc warrior hits you but does no damage.
You closely miss the wight.
The wight is almost destroyed.
The wight hits you but does no damage.
The orc warrior hits you from afar with a +0 halberd.
* * * LOW HITPOINT WARNING * * *
The orc warrior barely misses you. The wight hits you but does no damage.
You hit the wight but do no damage.
Your tail-slap misses the wight.
The wight is almost destroyed.
The wight hits you but does no damage.
The orc warrior hits you but does no damage.
You closely miss the wight.
The wight is almost destroyed.
The wight closely misses you. The orc warrior barely misses you.
Unknown command.
You hit the wight.
You destroy the wight!
The orc warrior hits you from afar with a +0 halberd.
You die...

#####..#.#.#.#.#)##.#
#..##.......##.##
#...#.#.#.#.##.# #.#.##.....##.##
# #.#..#.#.#.##.# .##
#.##.##...##.## ...
#.##..#.#.##.# ..
#.###.##.##.##o#####
#####.###..#.##.@)......
...........#############
#.###.####.######################
..##..# #.........[.............
####.## ##....###.....#.......##
## #.# ##.#.# ##....#.......##
.###.# ##.#.# #......########
..##.# ##..#.# #....#.........
#....#####..#######......########


You could see an orc warrior.

Vanquished Creatures
  A wyvern (D:8)
  A steam dragon (D:8)
  An acid dragon (D:8)
  2 water moccasins
  3 ice beasts
  An ogre (D:4)
  A centaur (D:6)
  3 phantoms
  2 necrophages (D:6)
  A bullfrog (D:8)
  A gnoll sergeant (D:5)
  2 scorpions (D:6)
  A wight (D:8)
  2 electric eels (D:7)
  4 howler monkeys
  A jelly (D:5)
  2 hounds
  Natasha (thrice) (D:3)
  Terence (D:3)
  3 orc wizards
  Robin (D:1)
  10 gnolls
  11 adders
  4 white imps
  An ufetubus (D:5)
  A worm (D:4)
  6 dart slugs
  10 orcs
  7 ball pythons
  3 bats
  9 endoplasms
  4 giant cockroaches
  11 goblins
  14 hobgoblins
  2 jackals (D:3)
  7 kobolds
  5 quokkas
  4 frilled lizards (D:1)
  3 rats
149 creatures vanquished.

Notes
Turn   | Place    | Note
-------+----------+-------------------------------------------
     0 | D:1      | Thatpatchoflichen the Draconian Ice Elementalist began the
                  | quest for the Orb.
     0 | D:1      | Reached XP level 1. HP: 14/14 MP: 3/3
    31 | D:1      | Reached XP level 2. HP: 22/22 MP: 0/5
   171 | D:1      | Reached skill level 1 in Fighting
   530 | D:1      | Reached XP level 3. HP: 24/28 MP: 6/6
  1413 | D:1      | Found a faded altar of an unknown god.
  1605 | D:1      | Learned a level 3 spell: Frozen Ramparts
  1609 | D:1      | Learned a level 3 spell: Ozocubu's Armour
  1850 | D:2      | Reached XP level 4. HP: 31/36 MP: 7/7
  1950 | D:2      | Noticed Robin
  2256 | D:1      | Killed Robin
  2781 | D:3      | Found an ornate altar of the Wu Jian Council.
  2839 | D:3      | Noticed Terence
  2849 | D:3      | Killed Terence
  3047 | D:3      | Reached XP level 5. HP: 41/41 MP: 9/9
  3223 | D:3      | Noticed Natasha
  3230 | D:3      | Killed Natasha
  3356 | D:3      | Noticed Natasha
  3365 | D:3      | Killed Natasha
  3690 | D:4      | Found Hifomah's Distillery.
  3799 | D:4      | Noticed a phantom
  3821 | D:4      | Killed a phantom
  3822 | D:4      | Reached skill level 5 in Ice Magic
  3822 | D:4      | Reached XP level 6. HP: 26/51 MP: 7/11
  4787 | D:5      | Entered Level 5 of the Dungeon
  4787 | D:5      | Found a broken altar of Ashenzari.
  4811 | D:5      | Your scales start taking on a glossy black colour.
  4811 | D:5      | Reached XP level 7. HP: 45/58 MP: 12/12
  4811 | D:5      | Gained mutation: You are resistant to electric shocks.
                  | (rElec) [Black Draconian growth]
  5415 | D:5      | Found a staircase to the Ecumenical Temple.
  5433 | Temple   | Entered the Ecumenical Temple
  5446 | Temple   | Became a worshipper of Ru the Awakened
  6230 | D:5      | Found a white marble altar of Elyvilon.
  6670 | D:3      | Noticed Natasha
  6679 | D:3      | Killed Natasha
  6998 | D:6      | Reached skill level 5 in Fighting
  7061 | D:6      | Reached XP level 8. HP: 68/68 MP: 14/14
  7093 | D:6      | Reached skill level 5 in Dodging
  7950 | D:7      | Found a runed translucent gate.
  7951 | D:7      | Found a runed translucent gate.
  7951 | D:7      | Found a runed translucent gate.
  7952 | D:7      | Noticed F1ng0rz's ghost (novice DjCj)
  7952 | D:7      | Noticed leafyfresh's ghost (novice OpDe)
  7953 | D:7      | Noticed billybob123456's ghost (novice MiMo)
  8026 | D:7      | Gained mutation: You are missing a hand. [Ru sacrifice]
  8026 | D:7      | Reached * piety under Ru
  8026 | D:7      | Reached ** piety under Ru
  8083 | D:7      | Found a hazy altar of Hepliaklqana.
  8090 | D:7      | Found a shimmering blue altar of Sif Muna.
  8090 | D:7      | Found a blossoming altar of Fedhas.
  8092 | D:7      | Found an opulent altar of Gozag.
  8093 | D:7      | Found a glowing golden altar of the Shining One.
  8094 | D:7      | Found a glowing silver altar of Zin.
  9192 | D:8      | Reached XP level 9. HP: 38/79 MP: 8/15
  9884 | D:8      | Noticed a two-headed ogre
  9912 | D:8      | Slain by an orc warrior

Illustrated notes

Levels and vault maps discovered:
D:1:      lightli_arrival_lavapool, layout_basic,
          hellmonk_ecumenical_altar_crossroads
D:2:      layout_rooms, kennysheep_generic_room_6, uniq_robin
D:3:      layout_basic, general_overflow_altar, uniq_terence, uniq_natasha
D:4:      layout_basic, serial_shops, shop, grunt_ministairs_15,
          minmay_strange_pillars
D:5:      layout_rooms, mainiacjoe_overflow_small_starburst,
          cheibrodos_ashenzari_chains, minmay_temple_entry_junction
D:6:      layout_basic
D:7:      layout_rooms, minitemple, gammafunk_ghost_cemetery,
          kennysheep_generic_room_16
D:8:      minmay_the_grid_triangle_9x9_rhombus_full
          [minmay_the_grid_triangle_9x9_sparse_checkered,
          minmay_the_grid_triangle_9x9_cache,
          minmay_the_grid_triangle_9x9_longest,
          minmay_the_grid_triangle_9x9_corruption,
          minmay_the_grid_triangle_9x9_flanged_cone,
          minmay_the_grid_triangle_9x9_shrine,
          minmay_the_grid_triangle_9x9_limited_checkers,
          minmay_the_grid_triangle_9x9_prize_insulated], layout_rooms,
          minivault_21
Temple:   compressed_dpeg_triangle_lava_temple

Skill      XL: |  1  2  3  4  5  6  7  8  9 |
---------------+----------------------------+-----
Dodging        | 2 3 4 6 |  6.8
Fighting       | 1 2 3 5 7 |  7.7
Spellcasting   | 3 4 |  4.0
Ice Magic      | 5 6 7 |  7.2
Stealth        | |  1.7

Action                   |  1- 3 |  4- 6 |  7- 9 || total
-------------------------+-------+-------+-------++-------
Melee: Unarmed           |    12 |       |       ||    12
       Dagger            |    10 |       |       ||    10
       Short sword       |    81 |   176 |    48 ||   305
       Tailslap          |    11 |    26 |    35 ||    72
       Punch             |     1 |     2 |     2 ||     5
       Club              |       |       |   170 ||   170
 Cast: Freeze            |    12 |       |     6 ||    18
       Frozen Ramparts   |       |     5 |    13 ||    18
       Ozocubu's Armour  |       |     2 |    10 ||    12
Invok: Sacrifice a Hand  |       |       |     1 ||     1
 Stab: Sleeping          |     3 |     5 |     1 ||     9
Armor: Skin              |    30 |    52 |    90 ||   172
Dodge: Dodged            |    80 |   128 |   231 ||   439
